 Dungeon Crawl Stone Soup version 0.32-a0-42-ga30500b4d3 (webtiles) character file.

Game seed: 13676471125822670601

112 seren the Grave Robber (level 4, -12/30 HPs)
             Began as a Demonspawn Necromancer on Jan 30, 2024.
             Killed by divine providence
             ... invoked by an orc priest
              (13 damage)
             ... on level 4 of the Dungeon.
             The game lasted 00:06:33 (2444 turns).

seren the Grave Robber (Demonspawn Necromancer)     Turns: 2444, Time: 00:06:34

Health: -12/30     AC:  7    Str:  8    XL:     4   Next: 63%
Magic:  4/8        EV: 17    Int: 18    God:
Gold:   51         SH:  0    Dex: 13    Spells: 7/8 levels left

rFire   . . .        i - +0 whip
rCold   . . .        (no shield)
rNeg    . . .        a - +0 robe
rPois   .            (helmet restricted)
rElec   .            (no cloak)
rCorr   .            (no gloves)
SInv    .            (no boots)
Will    .....        (no amulet)
Stlth   ++           l - +4 ring of protection
HPRegen 0.25/turn    o - +5 ring of evasion
MPRegen 0.11/turn

%: no passive effects
@: no status effects
A: antennae 1, powered by death 1, sharp scales 1
a: no special abilities


You were on level 4 of the Dungeon.
You visited 1 branch of the dungeon, and saw 4 of its levels.

You collected 51 gold pieces.

Inventory:

Hand Weapons
 i - a +0 whip (weapon)
Missiles
 m - 6 boomerangs
 r - 11 poisoned darts
 s - 19 stones
 v - 5 javelins
Armour
 a - a +0 robe (worn)
Jewellery
 d - a ring of protection from cold
 l - a +4 ring of protection (left hand)
 o - a +5 ring of evasion (right hand)
Scrolls
 h - 4 scrolls of teleportation {!r}
 k - a scroll of identify
 n - a scroll of poison {unknown}
 p - 2 scrolls of amnesia
 u - a scroll of fog {unknown}
 x - a scroll of enchant weapon {unknown}
Potions
 b - a potion of magic
 c - 3 potions of brilliance
 e - a potion of degeneration {unknown}
 g - a potion of ambrosia {unknown}
 j - a potion of cancellation {unknown}
 q - 2 potions of might
 t - a potion of berserk rage {unknown}
 w - a potion of attraction {unknown}


   Skills:
 + Level 2.7 Dodging
 + Level 2.8 Stealth
 + Level 2.7 Spellcasting
 + Level 5.0 Necromancy


You had 7 spell levels left.
You knew the following spells:

 Your Spells              Type           Power      Damage    Failure   Level
a - Necrotise             Necr           80%        1d8       1%          1

Your spell library contained the following spells:

 Spells                   Type           Power      Damage    Failure   Level
 Fugue of the Fallen      Necr           20%        N/A       6%          3
 Vampiric Draining        Necr           20%        2d7       6%          3
 Animate Dead             Necr           20%        N/A       21%         4
 Ensorcelled Hibernation  Hex/Ice        4%         N/A       26%         2
 Curse of Agony           Necr           20%        N/A       50%         5
 Anguish                  Hex/Necr       5%         N/A       52%         4
 Summon Blazeheart Golem  Fire/Summ      2%         N/A       86%         4
 Orb of Destruction       Conj           1%         9d5       100%        7
 Spellforged Servitor     Conj/Summ      1%         N/A       100%        7


Dungeon Overview and Level Annotations

Branches:
Dungeon (4/15)
 Temple: D:4-7

Altars:


Innate Abilities, Weirdness & Mutations

You have a pair of small antennae on your head.
You regenerate a little health from kills.
You are partially covered in razor-sharp scales. (AC +1, Slay +1)


Message History

Aiming: Necrotise (safe; 1% risk of failure)
Press: ? - help, Shift-Dir - straight line, f/p - orc priest
Aim: an orc priest, wielding a +0 club and wearing a +0 ring mail (almost dead, chance to affect: 78%)
The orc priest barely resists.
The orc wizard misses you. x2
The orc priest calls down the wrath of Beogh upon you.
Beogh smites you!
* * * LOW HITPOINT WARNING * * *
You hit the orc priest.
The orc priest is almost dead.
The orc wizard hits you but does no damage.
The orc wizard gestures at you while chanting.
You are confused.
The orc priest hits you with a +0 club.
* * * LOW HITPOINT WARNING * * *
You're too confused to cast spells.
Sorry, you're not good enough to have a special ability.
You're too confused to cast spells.
You feel better. The orc wizard barely misses you.
The orc wizard hits you with a +0 dagger.
The orc priest looks encouraged for a moment.
The orc priest mumbles some strange prayers to Beogh against you.
Pain shoots through your body!
* * * LOW HITPOINT WARNING * * *
The orc wizard attacks as it pursues you!
The orc wizard misses you.
The orc priest looks braver for a moment.
The orc wizard points at you and mumbles some strange words.
The magic dart hits you.
* * * LOW HITPOINT WARNING * * *
The orc priest casts a cantrip, but nothing happens.
The orc wizard mumbles some strange words.
The orc wizard flickers and vanishes!
Deactivating autopickup; reactivate with Ctrl-A.
The orc priest mumbles some strange prayers to Beogh against you.
Beogh smites you!
* * * LOW HITPOINT WARNING * * *
There is a stone staircase leading up here.
The orc priest calls down the wrath of Beogh upon you.
Beogh smites you!
You die...

.......................#
....?........)......##.#
..#######o..........##.#
#..............#
#.......)....###
#............#
#.{.o..........#
#...........##..#
##+#@...##........
#...##.##.[##..##
###.##.##.## .. #.. .
... .. .... .. ...#
....#


You could see an orc priest and an orc wizard.

Vanquished Creatures
  4 adders
  A dart slug (D:2)
  A ribbon worm (D:3)
  5 orcs (D:3)
  5 ball pythons
  5 endoplasms
  2 giant cockroaches
  3 goblins
  7 hobgoblins
  6 jackals (D:2)
  2 quokkas
  A bat (D:2)
  3 frilled lizards
  6 kobolds
  4 rats
55 creatures vanquished.

Vanquished Creatures (collateral kills)
  3 ball pythons
  A goblin (D:1)
  2 frilled lizards (D:2)
  A rat (D:2)
7 creatures vanquished.

Grand Total: 62 creatures vanquished

Notes
Turn   | Place    | Note
-------+----------+-------------------------------------------
     0 | D:1      | seren the Demonspawn Necromancer began the quest for the
                  | Orb.
     0 | D:1      | Reached XP level 1. HP: 13/13 MP: 3/3
    76 | D:1      | Noticed a shining eye
   341 | D:1      | Gained mutation: You regenerate a little health from kills.
                  | [demonic ancestry]
   341 | D:1      | Reached XP level 2. HP: 10/19 MP: 0/5
   571 | D:1      | Found a faded altar of an unknown god.
   574 | D:1      | Noticed an eye of devastation
   574 | D:1      | Noticed a glass eye
   574 | D:1      | Noticed a golden eye
   825 | D:2      | Gained mutation: You have a pair of small antennae on your
                  | head. [demonic ancestry]
   825 | D:2      | Reached XP level 3. HP: 24/24 MP: 2/6
  1501 | D:3      | Gained mutation: You are partially covered in razor-sharp
                  | scales. (AC +1, Slay +1) [demonic ancestry]
  1501 | D:3      | Reached XP level 4. HP: 30/30 MP: 4/7
  2013 | D:3      | Reached skill level 5 in Necromancy
  2442 | D:4      | HP: 1/30 [orc priest/divine providence (12)]
  2444 | D:4      | Killed from afar by an orc priest

Illustrated notes

Levels and vault maps discovered:
D:1:      psy_arrival_conway, layout_basic,
          hellmonk_ecumenical_altar_watching_god
D:2:      layout_rooms, minmay_misc_feat_square, kennysheep_generic_room_7
D:3:      corexii_shack_village, layout_loops_ring
D:4:      wad_crossroads, layout_basic, serial_shops, kennysheep_little_box,
          palyth_stone_intersect, uniq_duvessa

Skill      XL: |  1  2  3  4 |
---------------+-------------+-----
Stealth        | 2 |  2.8
Dodging        | 2 |  2.7
Necromancy     | 5 |  5.0
Spellcasting   | |  2.7

Action                     |  1- 3 |  4- 6 || total
---------------------------+-------+-------++-------
  Melee: Whip              |   110 |    34 ||   144
         Unarmed           |     3 |       ||     3
   Cast: Necrotise         |    31 |    31 ||    62
    Use: Scroll            |       |     5 ||     5
         Potion            |       |     2 ||     2
   Stab: Sleeping          |     2 |     1 ||     3
 Armour: Robe              |    57 |    24 ||    81
  Dodge: Dodged            |   102 |    30 ||   132

Table legend: (Time is in decaauts)
 A = Elapsed time spent in this place.
 B = Non-inter-level travel time spent in this place.
 C = Inter-level travel time spent in this place.
 D = Time resting spent in this place.
 E = Time spent auto-exploring this place.
 F = Levels seen in this place.
 G = Mean time per level.
                   A        B        C        D        E       F      G
               +--------+--------+--------+--------+--------+-----+--------+
         Total |   2461 |   2391 |     70 |     91 |   1592 |   4 |  615.2 |
       Dungeon |   2461 |   2391 |     70 |     91 |   1592 |   4 |  615.2 |
               +--------+--------+--------+--------+--------+-----+--------+

Top non-repeatable levels by time:
     D:3: 971 daAuts
     D:1: 757 daAuts
     D:2: 665 daAuts
     D:4: 66 daAuts
